 Dungeon Sprint DCSS version 0.26-a0-668-gd58323b419 (webtiles) character file.

Game seed: 2786293182143494328

22173 mhtbhm the Bludgeoner (level 12, -25/91 HPs)
             Began as a Gargoyle Fighter on Oct 19, 2020.
             Was the Champion of Okawaru.
             Killed from afar by an ice dragon (45 damage)
             ... with a blast of cold
             ... in the Dungeon (Sprint IX: "|||||||||||||||||||||||||||||").
             The game lasted 00:09:12 (2258 turns).

mhtbhm the Bludgeoner (Gargoyle Fighter)            Turns: 2258, Time: 00:09:13

Health: -25/91     AC: 37    Str: 25    XL:     12   Next: 97%
Magic:  13/13      EV: 10    Int:  9    God:    Okawaru [******]
Gold:   4          SH: 14    Dex:  9    Spells: 11/11 levels left

rFire    + + +     SeeInvis +   a - +2 morningstar (protect)
rCold    . . .     Faith    .   c - +0 kite shield
rNeg     + . .     Spirit   .   b - +1 fire dragon scales
rPois    ∞         Reflect  .   w - +0 helmet
rElec    +         Harm     .   z - +0 cloak {MR+}
rCorr    .         Rampage  .   q - +1 pair of gloves
MR       +....     NoTele   +   n - +0 pair of boots
Stlth    ..........             (no amulet)
HPRegen  0.65/turn              E - ring of protection from fire
MPRegen  0.13/turn              G - ring of protection from cold

@: protection aura
A: see invisible, negative energy resistance 1, regeneration 1, electricity
resistance, unbreathing, petrification resistance, rot immunity, AC +8
a: Heroism, Finesse, Renounce Religion


You were in the Dungeon.
You worshipped Okawaru.
Okawaru was exalted by your worship.
You visited 1 branch You collected 1925 gold pieces.
You spent 1921 gold pieces at shops.

Inventory:

Hand Weapons
 a - a +2 morningstar of protection (weapon)
Missiles
 y - 5 javelins (quivered)
Armour
 b - +1 fire dragon scales (worn)
 c - a +0 kite shield (worn)
 n - a +0 pair of boots (worn)
 o - a +0 cloak
 q - a +1 pair of gloves (worn)
 w - a +0 helmet (worn)
 z - a +0 cloak of magic resistance (worn)
Jewellery
 p - a +2 ring of protection
 E - a ring of protection from fire (left hand)
 G - a ring of protection from cold (right hand)
Wands
 m - a wand of iceblast (10)
 D - a wand of acid (9)
Scrolls
 j - 3 scrolls of blinking
 k - 7 scrolls of remove curse
 l - 2 scrolls of amnesia
 s - 3 scrolls of enchant weapon
 t - 2 scrolls of fog
 u - 2 scrolls of enchant armour
Potions
 d - a potion of might
 e - 7 potions of curing
 f - a potion of heal wounds
 g - 2 potions of haste
 h - 4 potions of magic
 i - a potion of invisibility
 r - a potion of brilliance {unknown}
 v - 2 potions of stabbing
 F - a potion of berserk rage
 H - a potion of resistance
Miscellaneous
 A - a lightning rod (4/4)
 B - a tin of tremorstones (3/3)
 C - a condenser vane (2/2)


   Skills:
 + Level 17.0 Fighting
 + Level 18.5 Maces & Flails
 + Level 7.2 Throwing
 + Level 13.6 Armour
 + Level 1.4 Dodging
 + Level 1.7 Stealth
 + Level 16.8 Shields
 + Level 1.7 Invocations
 + Level 0.8 Evocations


You had 11 spell levels left.
You didn't know any spells.
Your spell library was empty.

Dungeon Overview and Level Annotations

Branches:
Dungeon (1/1)

Altars:
Cheibriados
Dithmenos
Elyvilon
Fedhas
Gozag
Hepliaklqana
Kikubaaqudgha
Makhleb
Nemelex Xobeh
Okawaru
Qazlal
Ru
Sif Muna
Trog
Uskayaw
Vehumet
Wu Jian
Xom
Yredelemnul
Zin
The Shining One
Beogh
Jiyva
Lugonu

Shops:
D }=}[


Innate Abilities, Weirdness & Mutations

You are resistant to torment.
Your stone body is resilient. (AC +8)
You are immune to poison.
You resist negative energy. (rN+)
You are resistant to electric shocks. (rElec)
You can survive without breathing.
You are immune to petrification.
You are immune to rotting.
You have supernaturally acute eyesight. (SInv)
Your natural rate of healing is unusually fast.


Message History

Okawaru accepts your kill.
The ice dragon scales are intact enough to wear.
Your Fighting skill increases to level 17!
Unknown command.
You barely miss the ice dragon.
The ice dragon is heavily wounded.
The ettin is engulfed in poison gas.
The ettin is poisoned.
A tengu warrior comes into view.
It is wielding a +0 war axe and wearing a +1 buckler of reflection.
You block the ice dragon's attack. x2
The ice dragon tramples you but does no damage.
You completely miss the ice dragon.
The ice dragon is heavily wounded.
The tengu warrior shouts!
The ettin is engulfed in poison gas.
The ettin looks even sicker.
Unknown command.
You impale the ice dragon!!
The ice dragon is almost dead.
The ice dragon breathes frost at you. The blast of cold hits you!!!
You die...

▓.▓.▓.▓'▓.▓.▓
▓.▓.▓.▓.▓.▓.▓.▓
▓Q▓.▓∩▓.▓(▓.▓)▓
▓°▓.▓.▓)▓[▓.▓)▓
▓C▓.▓∩▓.▓.▓.▓.▓
▓)▓.▓)▓.▓.▓.▓.▓
▓.▓.▓∩▓.▓.▓.▓.▓
▓D▓.▓[▓.▓.▓.▓[▓
▓@▓.▓∩▓.▓.▓.▓.▓
▓.▓.▓.▓.▓.▓.▓.▓
▓†▓(▓)▓.▓.▓.▓)▓
▓)▓(▓)▓.▓)▓.▓.▓
▓)▓(▓(▓.▓†▓.▓.▓
▓.▓.▓)▓.▓†▓.▓'▓
▓.▓(▓)▓.▓.▓.▓_▓
▓.▓(▓.▓.▓.▓.▓_▓
▓.▓.▓.▓)▓.▓.▓_▓


You could see an ice dragon (catching breath), an ettin (very poisoned) and a
tengu warrior.

Vanquished Creatures
  Erolcha (D)
  An ice dragon (D)
  A two-headed ogre (D)
  Erica (D)
  A deep troll shaman (D)
  8 orc high priests (D)
  A deep troll earth mage (D)
  Urug (D)
  A wizard (D)
  10 orc knights (D)
  2 ugly things (D)
  A cyclops (D)
  Joseph (D)
  An elephant (D)
  A gargoyle (D)
  3 cane toads (D)
  2 rime drakes (D)
  3 komodo dragons (D)
  A troll (D)
  A hornet (D)
  A blink frog (D)
  A tarantella (shapeshifter) (D)
  A wyvern (D)
  A vampire mosquito (D)
  A basilisk (D)
  4 wargs (D)
  2 hell hounds (D)
  2 water moccasins (D)
  An ice beast (D)
  A sky beast (D)
  8 orc warriors (D)
  An eye of draining (D)
  An ogre (D)
  4 wolves (D)
  6 bullfrogs (D)
  2 orc priests (D)
  6 orc wizards (D)
  2 worker ants (D)
  An adder zombie (D)
  2 adder skeletons (D)
  A dart slug (D)
  5 orcs (D)
  A bat skeleton (D)
  2 kobolds (D)
  2 bats (D)
  A quokka zombie (D)
102 creatures vanquished.

Notes
Turn   | Place    | Note
-------+----------+-------------------------------------------
     0 | D        | mhtbhm the Gargoyle Fighter began the quest for the Orb.
     0 | D        | Reached XP level 1. HP: 14/14 MP: 1/1
    45 | D        | Noticed a sky beast
    45 | D        | Noticed an ice beast
    45 | D        | Noticed a worker ant
    54 | D        | Killed a worker ant
    54 | D        | Reached skill level 3 in Maces & Flails
    54 | D        | Reached XP level 2. HP: 14/20 MP: 2/2
    54 | D        | Reached XP level 3. HP: 18/25 MP: 3/3
    58 | D        | Killed an ice beast
    58 | D        | Reached skill level 4 in Maces & Flails
    58 | D        | Reached skill level 5 in Armour
    58 | D        | Reached XP level 4. HP: 32/32 MP: 4/4
    58 | D        | Reached XP level 5. HP: 37/37 MP: 5/5
    63 | D        | Killed a sky beast
    63 | D        | Reached skill level 5 in Maces & Flails
    92 | D        | Found a roughly hewn altar of Beogh.
    92 | D        | Found a snail-covered altar of Cheibriados.
    92 | D        | Found a shadowy altar of Dithmenos.
    92 | D        | Found a white marble altar of Elyvilon.
    92 | D        | Found a blossoming altar of Fedhas.
    92 | D        | Found an opulent altar of Gozag.
    93 | D        | Found a hazy altar of Hepliaklqana.
    94 | D        | Found a viscous altar of Jiyva.
    95 | D        | Found an ancient bone altar of Kikubaaqudgha.
    96 | D        | Found a corrupted altar of Lugonu.
    97 | D        | Found a burning altar of Makhleb.
    98 | D        | Found a sparkling altar of Nemelex Xobeh.
    99 | D        | Found an iron altar of Okawaru.
   100 | D        | Found a stormy altar of Qazlal.
   101 | D        | Found a sacrificial altar of Ru.
   102 | D        | Found a shimmering blue altar of Sif Muna.
   103 | D        | Found a bloodstained altar of Trog.
   104 | D        | Found a hide-covered altar of Uskayaw.
   105 | D        | Found a radiant altar of Vehumet.
   106 | D        | Found an ornate altar of the Wu Jian Council.
   107 | D        | Became a worshipper of Warmaster Okawaru
   133 | D        | Found a shimmering altar of Xom.
   134 | D        | Found a basalt altar of Yredelemnul.
   135 | D        | Found a glowing silver altar of Zin.
   136 | D        | Found a glowing golden altar of the Shining One.
   191 | D        | Noticed an ogre
   191 | D        | Noticed an eye of draining
   191 | D        | Noticed a wyvern
   191 | D        | Noticed an orc warrior
   199 | D        | Reached skill level 6 in Maces & Flails
   199 | D        | Reached XP level 6. HP: 44/44 MP: 0/6
   210 | D        | Killed an orc warrior
   210 | D        | Reached skill level 7 in Maces & Flails
   218 | D        | Reached * piety under Okawaru
   220 | D        | Killed a wyvern
   220 | D        | Reached skill level 8 in Maces & Flails
   220 | D        | Reached XP level 7. HP: 48/50 MP: 0/7
   226 | D        | Reached skill level 9 in Maces & Flails
   226 | D        | Reached skill level 10 in Shields
   511 | D        | Noticed a purple ugly thing
   511 | D        | Noticed a hornet
   511 | D        | Noticed a troll
   511 | D        | Noticed a green ugly thing
   522 | D        | Killed a green ugly thing
   522 | D        | Reached ** piety under Okawaru
   522 | D        | Reached skill level 10 in Maces & Flails
   522 | D        | Reached XP level 8. HP: 43/56 MP: 5/8
   530 | D        | Killed a troll
   530 | D        | Reached skill level 11 in Maces & Flails
   539 | D        | Killed a purple ugly thing
   539 | D        | Reached skill level 10 in Fighting
   539 | D        | Reached skill level 12 in Maces & Flails
   539 | D        | Reached skill level 1 in Dodging
   539 | D        | Reached XP level 9. HP: 29/62 MP: 7/9
   547 | D        | Killed a hornet
   829 | D        | Gained mutation: Your natural rate of healing is unusually
                  | fast. [potion of mutation]
   829 | D        | Gained mutation: You have supernaturally acute eyesight.
                  | (SInv) [potion of mutation]
   830 | D        | Noticed a cane toad
   830 | D        | Noticed a komodo dragon
   830 | D        | Noticed a cane toad
   839 | D        | Killed a cane toad
   839 | D        | Reached *** piety under Okawaru
   839 | D        | Reached skill level 13 in Maces & Flails
   839 | D        | Reached skill level 1 in Invocations
   867 | D        | Killed a komodo dragon
   867 | D        | Reached skill level 14 in Maces & Flails
   867 | D        | Reached skill level 10 in Armour
   884 | D        | Killed a cane toad
  1018 | D        | Noticed a rime drake
  1018 | D        | Noticed a komodo dragon
  1021 | D        | Noticed an elephant
  1023 | D        | Killed a komodo dragon
  1023 | D        | Reached XP level 10. HP: 69/69 MP: 10/10
  1025 | D        | Noticed a cane toad
  1048 | D        | Reached **** piety under Okawaru
  1059 | D        | Killed an elephant
  1059 | D        | Reached skill level 15 in Maces & Flails
  1063 | D        | Killed a cane toad
  1063 | D        | Received a gift from Okawaru
  1191 | D        | Reached ***** piety under Okawaru
  1210 | D        | Received a gift from Okawaru
  1274 | D        | Noticed Urug
  1286 | D        | Killed Urug
  1286 | D        | Reached skill level 16 in Maces & Flails
  1286 | D        | Reached skill level 1 in Throwing
  1335 | D        | Noticed Erica
  1355 | D        | Killed Erica
  1355 | D        | Reached XP level 11. HP: 77/77 MP: 11/11
  1499 | D        | Noticed an orc knight
  1499 | D        | Noticed an orc knight
  1499 | D        | Noticed an orc knight
  1517 | D        | Killed an orc knight
  1522 | D        | Noticed an orc high priest
  1529 | D        | Killed an orc knight
  1640 | D        | Killed an orc knight
  1640 | D        | Received a gift from Okawaru
  1699 | D        | Noticed a sun demon
  1724 | D        | Killed an orc high priest
  1744 | D        | Reached skill level 17 in Maces & Flails
  1772 | D        | Noticed an orc knight
  1785 | D        | Killed an orc knight
  1830 | D        | Found Cumyiwuq's Antique Armour Boutique.
  1830 | D        | Noticed an orc knight
  1830 | D        | Noticed an orc high priest
  1830 | D        | Noticed an orc knight
  1830 | D        | Noticed an orc knight
  1830 | D        | Noticed an orc high priest
  1831 | D        | Noticed an orc knight
  1835 | D        | Killed an orc high priest
  1836 | D        | Noticed an orc high priest
  1842 | D        | Noticed an orc high priest
  1851 | D        | Killed an orc knight
  1852 | D        | Found Huph's Gadget Shop.
  1853 | D        | Killed an orc knight
  1859 | D        | Killed an orc high priest
  1859 | D        | Received a gift from Okawaru
  1859 | D        | Reached ****** piety under Okawaru
  1859 | D        | Reached skill level 5 in Throwing
  1871 | D        | Killed an orc knight
  1871 | D        | Reached skill level 1 in Stealth
  1871 | D        | Reached skill level 15 in Shields
  1876 | D        | Killed an orc knight
  1876 | D        | Reached XP level 12. HP: 42/86 MP: 12/12
  1882 | D        | Killed an orc high priest
  1882 | D        | Received a gift from Okawaru
  1882 | D        | Reached skill level 15 in Fighting
  1885 | D        | Found Umycw's Jewellery Boutique.
  1886 | D        | Noticed an orc high priest
  1887 | D        | Killed an orc high priest
  1890 | D        | Noticed an orc high priest
  1890 | D        | Found Vatogeof's Gadget Shop.
  1891 | D        | Noticed a sun demon
  1898 | D        | Killed an orc high priest
  1898 | D        | Received a gift from Okawaru
  1902 | D        | Killed an orc high priest
  1904 | D        | Noticed an orc high priest
  1930 | D        | Killed an orc high priest
  1930 | D        | Received a gift from Okawaru
  2005 | D        | Bought a glowing cloak for 157 gold pieces
  2017 | D        | Bought a lightning rod (4/4) for 560 gold pieces
  2017 | D        | Bought a tin of tremorstones (3/3) for 560 gold pieces
  2021 | D        | Bought a condenser vane (2/2) for 280 gold pieces
  2021 | D        | Bought a wand of acid (9) for 364 gold pieces
  2060 | D        | Noticed Joseph
  2073 | D        | Killed Joseph
  2082 | D        | Noticed Erolcha
  2091 | D        | Killed Erolcha
  2091 | D        | Reached skill level 18 in Maces & Flails
  2224 | D        | Noticed a two-headed ogre
  2228 | D        | Killed a two-headed ogre
  2229 | D        | Received a gift from Okawaru
  2240 | D        | Noticed a deep troll shaman
  2241 | D        | Noticed an ice dragon
  2242 | D        | Noticed a deep troll earth mage
  2243 | D        | Killed a deep troll shaman
  2247 | D        | Killed a deep troll earth mage
  2247 | D        | Noticed an ice dragon
  2254 | D        | Noticed an ettin
  2255 | D        | Killed an ice dragon
  2256 | D        | Noticed a tengu warrior
  2258 | D        | Killed from afar by an ice dragon

Illustrated notes

Levels and vault maps discovered:
D:        linesprint [early_d, line_temple, items_1, d_10, items_2, lair_1,
          lair_end, items_3, orc_1, orc_end, items_4, d_15, swamp_1, shoals_1,
          snake_1, spider_1, d_20, vaults_1, items_5, swamp_end, shoals_end,
          snake_end, spider_end, vaults_end, d_27, items_6, zot_1, zot_end,
          crypt_end, forest_end, elf_end, slime_end, tomb_end, abyss_end,
          pan_hell_end]

Skill      XL: |  1  2  3  4  5  6  7  8  9 10 11 12 |
---------------+-------------------------------------+-----
Shields        | 4 6 8 9 10 11 12 13 15 16 | 16.8
Fighting       | 4 6 7 8 9 10 11 12 14 17 | 17.0
Maces & Flails | 3 4 6 8 10 12 14 16 17 18 | 18.5
Armour         | 4 5 7 8 9 10 11 12 13 | 13.6
Dodging        | 1 |  1.4
Invocations    | 1 |  1.7
Throwing       | 1 5 7 |  7.2
Stealth        | 1 |  1.7
Evocations     | |  0.8

Action                   |  1- 3 |  4- 6 |  7- 9 | 10-12 || total
-------------------------+-------+-------+-------+-------++-------
Melee: Flail             |    30 |    11 |       |       ||    41
       Morningstar       |       |    29 |   114 |   343 ||   486
Throw: Javelin           |       |       |       |    36 ||    36
Invok: Heroism           |       |       |     1 |     1 ||     2
Evoke: Condenser vane    |       |       |       |     2 ||     2
       Tin of tremorston |       |       |       |     1 ||     1
  Use: Potion            |     1 |       |     2 |     6 ||     9
       Scroll            |       |       |       |     1 ||     1
Armor: Scale mail        |    15 |     3 |       |       ||    18
       Plate armour      |       |    16 |    35 |    99 ||   150
       Fire dragon scale |       |       |       |     5 ||     5
       Chain mail        |       |       |       |     2 ||     2
Dodge: Dodged            |     4 |     6 |    12 |    33 ||    55
Block: Kite shield       |    18 |    22 |    41 |   144 ||   225

Table legend: (Time is in decaauts)
 A = Elapsed time spent in this place.
 B = Non-inter-level travel time spent in this place.
 C = Inter-level travel time spent in this place.
 D = Time resting spent in this place.
 E = Time spent auto-exploring this place.
 F = Levels seen in this place.
 G = Mean time per level.
                   A        B        C        D        E       F      G
               +--------+--------+--------+--------+--------+-----+--------+
         Total |   2162 |   2162 |      0 |    672 |    329 |   1 | 2162.0 |
       Dungeon |   2162 |   2162 |      0 |    672 |    329 |   1 | 2162.0 |
               +--------+--------+--------+--------+--------+-----+--------+

Top non-repeatable levels by time:
       D: 2162 daAuts
